 Dungeon Crawl Stone Soup version 0.28-a0-71-g84acfa7270 (webtiles) character file.

Game seed: 14383340254240668331

27149 siradein the Dancer (level 13, 0/92 HPs)
             Began as a Demonspawn Gladiator on July 30, 2021.
             Was a Follower of Uskayaw.
             Slain by a minotaur (12 damage)
             ... in a Gauntlet on Aug 2, 2021.
             The game lasted 00:53:19 (13296 turns).

siradein the Dancer (Demonspawn Gladiator)         Turns: 13296, Time: 00:53:19

Health: 0/92       AC: 19    Str: 17    XL:     13   Next: 2%
Magic:  20/24      EV: 12    Int:  7    God:    Uskayaw [*.....]
Gold:   845        SH:  0    Dex: 26    Spells: 12/12 levels left

rFire   + + +      SeeInvis .   N - +6 great sword (freeze)
rCold   . . .      Faith    .   (shield currently unavailable)
rNeg    + + .      Spirit   .   g - +1 chain mail "Afotrub" {Regen+}
rPois   .          Reflect  .   c - +0 helmet
rElec   .          Harm     .   x - +0 cloak
rCorr   .          Rampage  .   C - +2 pair of gloves of Jigsaw {rF+++ rN++ Int-4 Dex+4}
Will    .....      NoTele   +   J - +2 pair of boots
Stlth   ..........              o - amulet of the acrobat
HPRegen 1.25/turn               k - +4 ring of slaying
MPRegen 0.19/turn               R - +6 ring of dexterity

@: lethally poisoned (0 -> -33), repel missiles
A: talons 2, repulsion field 3, demonic guardian 1, ignite blood 2
a: Renounce Religion, Stomp


You were in a Gauntlet.
You worshipped Uskayaw.
Uskayaw was pleased with you.
You visited 3 branches of the dungeon, and saw 15 of its levels.
You also visited: Sewer and Gauntlet.

You collected 845 gold pieces.

Inventory:

Hand Weapons
 N - a +6 great sword of freezing (weapon)
 P - a +2 glaive of flaming
Missiles
 d - 6 throwing nets (quivered)
 l - 6 silver boomerangs
Armour
 c - a +0 helmet (worn)
 g - the +1 chain mail "Afotrub" (worn) {Regen+}
   (You found it on level 5 of the Dungeon)

   Regen:     It increases your rate of health regeneration.
 x - a +0 cloak (worn)
 C - the +2 pair of gloves of Jigsaw (worn) {rF+++ rN++ Int-4 Dex+4}
   (You found it in a Gauntlet)

   Int:       It affects your intelligence (-4).
   Dex:       It affects your dexterity (+4).
   rF:        It renders you almost immune to fire.
   rN:        It greatly protects you from negative energy.
 J - a +2 pair of boots (worn)
Jewellery
 i - a ring of protection from cold
 k - a +4 ring of slaying (left hand)
 o - an amulet of the acrobat (around neck)
 G - a ring of protection from fire
 R - a +6 ring of dexterity (right hand)
Wands
 m - a wand of polymorph (14)
 y - a wand of paralysis (32)
 E - a wand of flame (47)
Scrolls
 a - 2 scrolls of immolation
 e - 9 scrolls of fear
 f - 4 scrolls of fog
 j - 2 scrolls of blinking
 n - 7 scrolls of teleportation
 q - 3 scrolls of acquirement
 r - a scroll of magic mapping
 v - a scroll of enchant armour
 B - 2 scrolls of summoning
 F - 3 scrolls of amnesia
 O - a scroll of holy word
Potions
 b - 3 potions of brilliance
 h - a potion of cancellation
 p - 3 potions of lignification
 s - 3 potions of flight
 t - 5 potions of curing
 u - 4 potions of heal wounds
 w - 2 potions of attraction
 z - 2 potions of resistance
 D - 2 potions of haste
 H - 2 potions of ambrosia
 I - 2 potions of mutation
 K - 2 potions of invisibility
 M - 2 potions of might {unknown}
Miscellaneous
 Q - a box of beasts


   Skills:
 + Level 5.5 Fighting
 + Level 14.2 Long Blades
 - Level 1.7 Throwing
 + Level 4.5 Armour
 - Level 2.6 Dodging
 + Level 15.9 Invocations
 + Level 5.0 Evocations


You had 12 spell levels left.
You didn't know any spells.
Your spell library contained the following spells:

 Spells                   Type           Power      Damage    Failure   Level
 Animate Skeleton         Necr           0%         N/A       99%         1
 Apportation              Tloc           0%         N/A       99%         1
 Corona                   Hex            0%         N/A       99%         1
 Freeze                   Ice            0%         1d3       99%         1
 Pain                     Necr           0%         1d4       99%         1
 Summon Small Mammal      Summ           0%         N/A       99%         1
 Frozen Ramparts          Ice            0%         1d2       100%        3
 Stone Arrow              Conj/Erth      0%         3d7       100%        3
 Animate Armour           Summ/Erth      0%         N/A       100%        4
 Hailstorm                Conj/Ice       0%         3d3       100%        4
 Ice Form                 Ice/Tmut       0%         N/A       100%        4
 Agony                    Necr           0%         N/A       100%        5
 Alistair's Intoxication  Tmut/Pois      0%         N/A       100%        5
 Excruciating Wounds      Necr           0%         N/A       100%        5
 Summon Forest            Summ/Tloc      0%         N/A       100%        5
 Conjure Ball Lightning   Conj/Air       0%         3x3d6     100%        6
 Eringya's Noxious Bog    Tmut/Pois      0%         N/A       100%        6
 Invisibility             Hex            0%         N/A       100%        6
 Simulacrum               Ice/Necr       0%         N/A       100%        6
 Summon Hydra             Summ           0%         N/A       100%        7
 Discord                  Hex            0%         N/A       100%        8
 Disjunction              Tloc           0%         N/A       100%        8
 Lehudib's Crystal Spear  Conj/Erth      0%         10d2      100%        8


Dungeon Overview and Level Annotations

Branches:
Dungeon (11/15)            Temple (1/1) D:5            Lair (3/6) D:11
 Shoals (0/4) Lair:3       Spider (0/4) Lair:2          Orc (0/2) D:11
  Sewer (visited)         Gauntlet (1/1)

Altars:
Ashenzari
Cheibriados
Dithmenos
Elyvilon
Fedhas
Gozag
Hepliaklqana
Kikubaaqudgha
Makhleb
Nemelex Xobeh
Okawaru
Qazlal
Ru
Sif Muna
Trog
Uskayaw
Vehumet
Wu Jian
Xom
Yredelemnul
Zin
The Shining One

Shops:
D:1 =   D:9 [

Annotations:
Gauntlet 12 transporters, 13 runed translucent doors


Innate Abilities, Weirdness & Mutations

You have razor-sharp toenails.
You are surrounded by a strong repulsion field. (EV +4, RMsl)
A weak demonic guardian rushes to your aid.
Your demonic aura often causes spilled blood to erupt in flames.


Message History

You are poisoned.
The minotaur gores you but does no damage.
You slash the minotaur! You freeze the minotaur.
The minotaur is lightly wounded.
You feel very sick.
The minotaur hits you with a +2 short sword of venom!
The minotaur gores you!
You slash the minotaur! You freeze the minotaur.
The minotaur is moderately wounded.
You feel sick.
The minotaur is engulfed in blazing flames.
The minotaur hits you with a +2 short sword of venom!!
You are more poisoned.
The minotaur gores you!
* * * LOW HITPOINT WARNING * * *
You can now pass through a line of other dancers.
You feel much better.
You feel extremely sick.
The minotaur hits you with a +2 short sword of venom!
* * * LOW HITPOINT WARNING * * *
You are lethally poisoned!
The minotaur gores you.
* * * LOW HITPOINT WARNING * * *
Aiming: Line Pass
Press: ? - help, Dir - move target The minotaur appears confused.
You can no longer pass through a line of other dancers.
* * * LOW HITPOINT WARNING * * *
You feel extremely sick.
The minotaur hits you with a +2 short sword of venom!
* * * LOW HITPOINT WARNING * * *
A demonic guardian appears!
You are more poisoned.
The minotaur gores you but does no damage.
You feel much better.
* * * LOW HITPOINT WARNING * * *
You feel extremely sick.
The minotaur is engulfed in blazing flames.
The minotaur hits you with a +2 short sword of venom!
You die...

## #. # ### .. #. #∩# .#
.# #.##.# # . #.#.. #. #.
#4#.# #.##.###'#○##.###
#.......@H°☼....#
###.##.##.##.##.#
###.##.##.##.#
#.............
##.##.##.##.##.#
###.##.##.##.##.###
#≈..............§§# ###
####8..©.©.©.©.©.©..8####
### #8#
#8##≈...............≈##8#
#8#


You could see a minotaur (confused, ally target) and a friendly ice devil
(summoned).

Vanquished Creatures
  Harold (D:7)
  A hydra (Lair:1)
  Erolcha (D:9)
  4 two-headed ogres
  A catoblepas (Gauntlet)
  Nergalle (Lair:2)
  A wizard (Gauntlet)
  A wolf spider (Lair:2)
  An ugly thing (D:11)
  2 cyclopes (D:11)
  An oklob plant (Gauntlet)
  5 centaur zombies
  A molten gargoyle (Gauntlet)
  3 gargoyles
  Psyche (D:9)
  4 cane toads
  Maggie (D:7)
  5 komodo dragons
  A troll (D:11)
  A hornet (D:7)
  6 blink frogs
  A meliai zombie (D:11)
  2 redbacks (D:11)
  3 shadows (D:11)
  2 wyverns
  30 yaks
  A wraith (D:10)
  2 vampire mosquitoes (D:11)
  Menkaure (D:7)
  2 acid dragons (Gauntlet)
  4 water moccasins
  2 sky beasts
  6 orc warriors
  3 black bears
  An ice beast (D:5)
  An ogre (D:2)
  6 wolves (Lair:2)
  3 centaurs
  A necrophage (D:6)
  2 phantoms
  2 kobold brigands
  3 gnoll sergeants
  2 scorpions
  2 wyvern zombies
  9 bullfrogs
  A water moccasin skeleton (D:6)
  A troll zombie (D:11)
  6 killer bees
  3 wights (D:9)
  2 howler monkeys
  4 hounds
  3 jellies
  7 orc priests
  A centaur skeleton (D:7)
  Jessica (D:2)
  3 iguanas
  13 orc wizards
  5 ogre zombies (D:11)
  A hound zombie (D:5)
  A hound skeleton (D:5)
  A howler monkey skeleton (D:7)
  20 gnolls
  A river rat (Sewer)
  4 adders
  2 shadow imps
  3 white imps
  An adder skeleton (D:4)
  A worm (D:4)
  A dart slug (D:1)
  36 orcs
  7 endoplasms
  3 giant cockroaches
  7 goblins
  7 hobgoblins
  7 jackals
  8 ball pythons
  8 frilled lizards
  A goblin skeleton (D:11)
  4 goblin zombies (D:11)
  3 hobgoblin skeletons (D:11)
  3 hobgoblin zombies (D:11)
  14 kobolds
  An orc skeleton (D:11)
  7 orc zombies (D:11)
  4 rats
340 creatures vanquished.

Vanquished Creatures (collateral kills)
  2 yaks (D:8)
  An orc wizard (D:8)
3 creatures vanquished.

Vanquished Creatures (others)
  2 orc wizards
  12 plants
14 creatures vanquished.

Grand Total: 357 creatures vanquished

Notes
Turn   | Place    | Note
-------+----------+-------------------------------------------
     0 | D:1      | siradein the Demonspawn Gladiator began the quest for the
                  | Orb.
     0 | D:1      | Reached XP level 1. HP: 16/16 MP: 1/1
   200 | D:1      | Gained mutation: You have sharp toenails. [demonic
                  | ancestry]
   200 | D:1      | Reached XP level 2. HP: 12/22 MP: 2/2
   344 | D:1      | Found Huthref's Jewellery Shop.
   850 | D:2      | Found a blossoming altar of Fedhas.
   870 | D:2      | Gained mutation: Your demonic aura sometimes causes spilled
                  | blood to erupt in flames. [demonic ancestry]
   870 | D:2      | Reached XP level 3. HP: 25/27 MP: 3/3
   884 | D:2      | Noticed Jessica
   889 | D:2      | Killed Jessica
   937 | D:2      | Reached XP level 4. HP: 14/33 MP: 4/4
  1346 | D:2      | Found a faded altar of an unknown god.
  1731 | D:2      | Reached skill level 5 in Long Blades
  1992 | D:2      | Gained mutation: You have razor-sharp toenails. [demonic
                  | ancestry]
  1992 | D:2      | Reached XP level 5. HP: 34/38 MP: 5/5
  2641 | D:3      | Noticed an ogre
  2691 | D:2      | Killed an ogre
  2692 | D:2      | Gained mutation: You are surrounded by a mild repulsion
                  | field. (EV +2) [demonic ancestry]
  2692 | D:2      | Reached XP level 6. HP: 37/44 MP: 6/6
  3433 | D:4      | Reached XP level 7. HP: 50/50 MP: 7/7
  3542 | D:4      | Found a glowing drain.
  3551 | Sewer    | Entered a sewer
  3626 | Sewer    | Upgraded the game from 0.28-a0-48-gfd831c5874 to
                  | 0.28-a0-60-g54b5640690
  4303 | D:5      | Entered Level 5 of the Dungeon
  4370 | D:5      | Identified the +1 chain mail "Afotrub" {Regen+}
  4418 | D:5      | Found a staircase to the Ecumenical Temple.
  4460 | Temple   | Entered the Ecumenical Temple
  4618 | Temple   | Became a worshipper of Uskayaw the Reveller
  4729 | D:4      | Reached * piety under Uskayaw
  4732 | D:4      | Reached skill level 1 in Invocations
  4732 | D:4      | Reached XP level 8. HP: 47/56 MP: 7/9
  4756 | D:4      | Reached ** piety under Uskayaw
  4780 | D:4      | Reached skill level 2 in Invocations
  4842 | D:5      | Reached skill level 3 in Invocations
  5314 | D:6      | Reached skill level 4 in Invocations
  5318 | D:6      | Reached *** piety under Uskayaw
  5346 | D:6      | Reached skill level 5 in Invocations
  5510 | D:6      | Reached skill level 6 in Invocations
  5928 | D:7      | Noticed Menkaure
  5929 | D:7      | Upgraded the game from 0.28-a0-60-g54b5640690 to
                  | 0.28-a0-69-g49dcd67cf8
  6040 | D:7      | Reached skill level 10 in Long Blades
  6062 | D:7      | Killed Menkaure
  6063 | D:7      | Reached XP level 9. HP: 60/61 MP: 12/14
  6071 | D:7      | Reached skill level 7 in Invocations
  6073 | D:7      | Reached **** piety under Uskayaw
  6156 | D:7      | Noticed Harold
  6173 | D:7      | Killed Harold
  6174 | D:7      | Reached skill level 8 in Invocations
  6426 | D:7      | Noticed Maggie
  6445 | D:7      | Reached skill level 9 in Invocations
  6451 | D:7      | Killed Maggie
  6535 | D:7      | Reached skill level 10 in Invocations
  6536 | D:7      | Gained mutation: A weak demonic guardian rushes to your
                  | aid. [demonic ancestry]
  6536 | D:7      | Reached XP level 10. HP: 50/67 MP: 12/17
  6904 | D:7      | Upgraded the game from 0.28-a0-69-g49dcd67cf8 to
                  | 0.28-a0-71-g84acfa7270
  6911 | D:8      | Found a bloodstained altar of Trog.
  6911 | D:8      | Found an ancient bone altar of Kikubaaqudgha.
  6911 | D:8      | Found a sacrificial altar of Ru.
  6950 | D:8      | Reached ***** piety under Uskayaw
  6955 | D:8      | Reached skill level 11 in Invocations
  7173 | D:8      | Noticed a two-headed ogre
  7418 | D:8      | Noticed a two-headed ogre
  7430 | D:8      | Killed a two-headed ogre
  7431 | D:8      | Reached skill level 12 in Invocations
  7714 | D:8      | Killed a two-headed ogre
  7850 | D:8      | Found a broken altar of Ashenzari.
  8008 | D:8      | Gained mutation: Your demonic aura often causes spilled
                  | blood to erupt in flames. [demonic ancestry]
  8008 | D:8      | Reached XP level 11. HP: 63/72 MP: 20/20
  8102 | D:9      | Noticed Erolcha
  8121 | D:9      | Killed Erolcha
  8122 | D:9      | Reached skill level 13 in Invocations
  8348 | D:9      | Found Agauju Luubb's Armour Shoppe.
  8520 | D:9      | Noticed Psyche
  8534 | D:9      | Killed Psyche
  8624 | D:10     | Entered Level 10 of the Dungeon
  8874 | D:10     | Reached skill level 14 in Invocations
  9157 | D:10     | Found a shimmering blue altar of Sif Muna.
  9234 | D:10     | Identified 2 scrolls of acquirement
  9284 | D:11     | Noticed a white ugly thing
  9292 | D:11     | Killed a white ugly thing
  9357 | D:11     | Found a staircase to the Orcish Mines.
  9393 | D:11     | Reached ****** piety under Uskayaw
  9703 | D:11     | Noticed a two-headed ogre
  9707 | D:11     | Killed a two-headed ogre
  9708 | D:11     | Reached skill level 1 in Armour
  9708 | D:11     | Reached skill level 1 in Evocations
  9840 | D:11     | Gained mutation: You are surrounded by a moderate repulsion
                  | field. (EV +3) [demonic ancestry]
  9840 | D:11     | Reached XP level 12. HP: 75/80 MP: 23/23
  9888 | D:11     | Reached skill level 15 in Invocations
  9929 | D:11     | Noticed a two-headed ogre
  9937 | D:11     | Killed a two-headed ogre
  9952 | D:11     | Noticed a death knight
 10257 | D:11     | Found a staircase to the Lair.
 10287 | Lair:1   | Entered Level 1 of the Lair of Beasts
 10561 | Lair:1   | Noticed a five-headed hydra
 10843 | Lair:1   | Killed a three-headed hydra
 11597 | Lair:2   | Found a hole to the Spider Nest.
 11826 | Lair:2   | Noticed Nergalle
 11835 | Lair:2   | Killed Nergalle
 11837 | Lair:2   | Reached skill level 5 in Fighting
 12338 | Lair:3   | Noticed a five-headed hydra
 12377 | Lair:3   | Found a gate leading to a gauntlet.
 12384 | Gauntlet | Entered a Gauntlet
 12384 | Gauntlet | Found a transporter.
 12384 | Gauntlet | Found a large runed translucent door.
 12384 | Gauntlet | Found a large runed translucent door.
 12384 | Gauntlet | Found a large runed translucent door.
 12384 | Gauntlet | Found a large runed translucent door.
 12384 | Gauntlet | Found a runed translucent door.
 12384 | Gauntlet | Found a runed translucent door.
 12384 | Gauntlet | Found a large runed translucent door.
 12384 | Gauntlet | Found a large runed translucent door.
 12384 | Gauntlet | Found a large runed translucent door.
 12384 | Gauntlet | Found a large runed translucent door.
 12384 | Gauntlet | Found a large runed translucent door.
 12384 | Gauntlet | Found a large runed translucent door.
 12385 | Gauntlet | Found a large runed translucent door.
 12385 | Gauntlet | Found a large runed translucent door.
 12391 | Gauntlet | Noticed a death scarab
 12394 | Gauntlet | Found a transporter.
 12409 | Gauntlet | Found a transporter.
 12414 | Gauntlet | Found a transporter.
 12429 | Gauntlet | Found a transporter.
 12430 | Gauntlet | Noticed a four-headed hydra
 12448 | Gauntlet | Found a transporter.
 12460 | Gauntlet | Found a transporter.
 12472 | Gauntlet | Found the ring of Shadows {Umbra +Inv Stlth+}
 12472 | Gauntlet | Found a transporter.
 12484 | Gauntlet | Found a transporter.
 12490 | Gauntlet | Found a transporter.
 12490 | Gauntlet | Found a transporter.
 12497 | Gauntlet | Noticed a catoblepas
 12508 | Gauntlet | Found a transporter.
 12522 | Gauntlet | Found a transporter.
 12542 | Gauntlet | Found a transporter.
 12560 | Gauntlet | Found a large runed translucent door.
 12561 | Gauntlet | Found a large runed translucent door.
 12565 | Gauntlet | Found a runed translucent gate.
 12565 | Gauntlet | Found a runed translucent gate.
 12565 | Gauntlet | Found a runed translucent gate.
 12567 | Gauntlet | Found a transporter.
 12569 | Gauntlet | Found a transporter.
 12575 | Gauntlet | Found a large runed translucent door.
 12576 | Gauntlet | Found a large runed translucent door.
 12589 | Gauntlet | Found a transporter.
 12667 | Gauntlet | Found a transporter.
 13206 | Gauntlet | Killed a catoblepas
 13215 | Gauntlet | Gained mutation: You are surrounded by a strong repulsion
                  | field. (EV +4, RMsl) [demonic ancestry]
 13215 | Gauntlet | Reached XP level 13. HP: 57/92 MP: 20/24
 13222 | Gauntlet | Reached skill level 5 in Evocations
 13262 | Gauntlet | Identified the +2 pair of gloves of Jigsaw {rF+++ rN++
                  | Int-4 Dex+4}
 13287 | Gauntlet | Identified the +10 plate armour "Hiuxt" {rC+ rN+ Will+
                  | Stlth+}
 13287 | Gauntlet | Noticed a minotaur
 13295 | Gauntlet | HP: 2/92 [minotaur (14)]
 13296 | Gauntlet | Slain by a minotaur

Illustrated notes

Levels and vault maps discovered:
D:1:      tarquinn_simple_flora_water_f, layout_loops_ring, serial_shops, shop
D:2:      layout_rooms, ebering_ecumenical_altar_mist, basic_altar,
          minmay_misc_feat_alley, uniq_jessica
D:3:      layout_basic, st_stairs_6
D:4:      layout_loops_corners, portal_sewer_entry_d
D:5:      layout_cave_pools, old_standard_altar, minmay_temple_entry_offerings,
          kennysheep_generic_room_15
D:6:      layout_loops_ring
D:7:      layout_basic, uniq_harold, uniq_menkaure, uniq_maggie
D:8:      minmay_general_purpose_star, layout_cave_pools,
          nicolae_ashenzari_panopticon, grunt_temple_overflow_open, minivault_1
D:9:      layout_rooms, serial_shops, nicolae_shop_trees,
          chequers_serial_rivers_room_b, serial_park_tiny_1,
          chequers_mini_garden, kennysheep_cluttered_room, uniq_psyche,
          uniq_erolcha
D:10:     layout_basic, led_sif_pool, grunt_ministairs_4
D:11:     layout_cave_pods, david_lair_shrubbed, zombieorc1_lemuel,
          serial_column_ruins, column_ruins_corridor_corner,
          column_ruins_open_tiny, column_ruins_corridor_straight,
          column_ruins_open_tiny, column_ruins_open_tiny,
          column_ruins_columns_corner, minivault_11, grunt_ministairs_14,
          grunt_potential
Temple:   nicolae_temple_elliptical
Lair:1:   layout_regular_city
Lair:2:   layout_cave_pods, spider_nest_entry_rubble, basic_altar, uniq_nergalle
Lair:3:   layout_chaotic_city, elwin_shoals_entry_rocks, gauntlet_entry_generic,
          grunt_megastairs_5
Gauntlet: gammafunk_gauntlet_one_two_three
          [minmay_gauntlet_arena_make_your_own_arena,
          nicolae_gauntlet_arena_blocks, nicolae_gauntlet_swirl,
          gammafunk_gauntlet_arena_split_diamond,
          gammafunk_gauntlet_arena_teeth, nicolae_gauntlet_arena_grate_2,
          gammafunk_gauntlet_arena_grid, nicolae_gauntlet_arena_t_cross,
          gammafunk_gauntlet_arena_spirals, gauntlet_exit_green]

Skill      XL: |  1  2  3  4  5  6  7  8  9 10 11 12 13 |
---------------+----------------------------------------+-----
Long Blades    | 3 4 5 6 7 9 10 11 12 13 14 | 14.2
Invocations    | 1 6 10 12 14 15 | 15.9
Armour         | 1 4 |  4.5
Evocations     | 1 4 5 |  5.0
Fighting       | 5 |  5.5
Throwing       | |  1.7
Dodging        | |  2.6

Action                   |  1- 3 |  4- 6 |  7- 9 | 10-12 | 13-15 || total
-------------------------+-------+-------+-------+-------+-------++-------
Melee: Long sword        |    49 |    99 |   175 |   104 |       ||   427
       Kick              |     7 |    35 |    73 |    59 |       ||   174
       Great sword       |       |       |       |   329 |     8 ||   337
       Glaive            |       |       |       |     2 |       ||     2
Throw: Throwing net      |       |     2 |     1 |       |       ||     3
Invok: Line Pass         |       |       |     6 |     5 |     2 ||    13
       Stomp             |       |       |     2 |     2 |       ||     4
       Grand Finale      |       |       |       |     1 |       ||     1
  Use: Scroll            |       |       |     8 |    17 |       ||    25
       Potion            |       |       |       |     1 |     2 ||     3
 Stab: Sleeping          |       |     2 |       |       |       ||     2
       Paralysed         |       |       |     4 |    30 |       ||    34
       Confused          |       |       |     1 |     1 |     1 ||     3
Armor: Leather armour    |     9 |    29 |     5 |       |       ||    43
       Chain mail        |       |       |    51 |   185 |     4 ||   240
Dodge: Dodged            |    32 |    75 |   105 |   257 |     1 ||   470
       Rpst.: Long sword |    16 |    20 |    34 |    16 |       ||    86
       Great sword       |       |       |       |    49 |       ||    49

Table legend: (Time is in decaauts)
 A = Elapsed time spent in this place.
 B = Non-inter-level travel time spent in this place.
 C = Inter-level travel time spent in this place.
 D = Time resting spent in this place.
 E = Time spent auto-exploring this place.
 F = Levels seen in this place.
 G = Mean time per level.
                   A        B        C        D        E       F      G
               +--------+--------+--------+--------+--------+-----+--------+
         Total |  13365 |  12763 |    602 |   1221 |   8180 |  17 |  786.2 |
       Dungeon |  10146 |   9651 |    495 |   1008 |   6084 |  11 |  922.4 |
        Temple |    178 |    148 |     30 |      0 |    147 |   1 |  178.0 |
          Lair |   1878 |   1802 |     76 |     55 |   1453 |   3 |  626.0 |
         Sewer |    252 |    252 |      0 |      0 |    185 |   1 |  252.0 |
      Gauntlet |    909 |    909 |      0 |    158 |    311 |   1 |  909.0 |
               +--------+--------+--------+--------+--------+-----+--------+

Top non-repeatable levels by time:
     D:2: 1621 daAuts
     D:7: 1138 daAuts
     D:8: 999 daAuts
     D:4: 992 daAuts
    D:11: 988 daAuts
  Lair:2: 987 daAuts
Gauntlet: 909 daAuts
     D:1: 857 daAuts
  Lair:1: 830 daAuts
    D:10: 801 daAuts
     D:6: 766 daAuts
     D:3: 711 daAuts
     D:5: 635 daAuts
     D:9: 633 daAuts
   Sewer: 252 daAuts
